AoeStats
← Tchitchi d'Afflelou

African Clearing

510861072Analyzed
4v4 RM · 14h ago on Oct 2, 2026· 42m 34s· 8 players
Game mode
Random Map
Map size
Large (8 player)
Population
200
Speed
Normal
Resources
Standard
Victory
Conquest
Starting age
Dark Age
Ending age
Imperial Age
RankedLock teamsTeams togetherTeam positionsShared explorationLock speedFull tech treeHidden civsTurbo modeCheats
Victory
Defeat
🇫🇮 Britons · Finland
1656
+10
🇫🇮 Italians · Finland
1549
+14
🇫🇮 Danes · Finland
1525
+15
🇫🇮 Teutons · Finland
1489
+18
🇺🇸 Burmese · United States
1564
-16
🇨🇳 Vikings · China
1531
-15
🇧🇷 Huns · Brazil
1524
-15
🇫🇷 Ethiopians · France
1431
-11
ashleylynn
10:59 Loom
12:46 Feudal Age
15:55 Town Watch
18:47 Wheelbarrow
19:44 Forging
23:53 Castle Age
23:26 Scale Barding Armor
23:34 Bloodlines
24:53 Hand Cart
24:40 Stone Mining
25:40 Fletching
27:38 Light Cavalry
31:54 Chain Barding Armor
31:59 Bodkin Arrow
Tchitchi d'Afflelou
9:05 Loom
12:34 Feudal Age
13:01 Man-at-Arms
13:32 Arson
14:35 Double-Bit Axe
20:39 Forging
20:29 Scale Mail Armor
20:40 Forging
20:30 Scale Mail Armor
31:00 Wheelbarrow
38:14 Castle Age
38:18 Long Swordsman
38:59 Squires
39:36 Iron Casting
39:16 Chain Mail Armor
39:35 Horse Collar
42:04 Hand Cart
Julio2
7:30 Loom
14:17 Feudal Age
15:52 Double-Bit Axe
18:22 Castle Age
19:30 Bow Saw
25:38 Horse Collar
27:31 Town Watch
29:20 Scale Barding Armor
36:43 Imperial Age
38:14 Chain Barding Armor
40:37 Plate Barding Armor
40:46 Conscription
Long-Long-Way
9:46 Loom
12:29 Feudal Age
12:56 Man-at-Arms
17:17 Forging
18:11 Scale Mail Armor
20:58 Town Watch
21:12 Arson
28:07 Castle Age
27:25 Fletching
27:35 Padded Archer Armor
28:11 Crossbowman
28:47 Bodkin Arrow
29:56 Double-Bit Axe
37:12 Leather Archer Armor
38:45 Horse Collar
dodo
8:08 Loom
13:02 Feudal Age
17:59 Castle Age
15:54 Double-Bit Axe
17:09 Gold Mining
17:48 Fletching
19:26 Bow Saw
19:16 Bodkin Arrow
20:14 Town Watch
21:55 Wheelbarrow
21:14 Stone Mining
29:07 Ballistics
28:47 Padded Archer Armor
31:52 Leather Archer Armor
36:19 Imperial Age
35:52 Scale Barding Armor
35:57 Forging
37:04 Chain Barding Armor
37:04 Bracer
36:50 Horse Collar
38:12 Chemistry
37:22 Masonry
37:53 Ring Archer Armor
37:44 Chain Barding Armor
37:36 Bloodlines
37:26 Husbandry
37:36 Bloodlines
37:26 Husbandry
38:08 Husbandry
37:29 Cavalier
38:37 Conscription
39:54 Heavy Plow
40:52 Plate Barding Armor
41:55 Hand Cart
Dasran
10:14 Loom
12:02 Loom
13:47 Feudal Age
18:26 Castle Age
21:08 Scale Barding Armor
30Markus
12:10 Feudal Age
11:09 Loom
14:01 Double-Bit Axe
16:33 Castle Age
15:35 Loom
17:39 Bow Saw
18:24 Horse Collar
18:42 Fletching
23:36 Bodkin Arrow
29:48 Wheelbarrow
33:25 Imperial Age
31:14 Gold Mining
31:16 Stone Mining
31:46 Padded Archer Armor
32:51 Wheelbarrow
32:51 Ballistics
32:41 Town Watch
34:09 Bracer
35:11 Chemistry
34:44 Conscription
35:29 Leather Archer Armor
35:30 Elite Longbowman
38:11 Yeomen
39:39 Ring Archer Armor
40:19 Coinage
40:01 Siege Engineers
41:36 Gold Shaft Mining
41:34 Masonry
42:37 Hand Cart
Pyrrhos
11:57 Feudal Age
11:59 Man-at-Arms
12:34 Double-Bit Axe
14:00 Arson
14:07 Loom
15:09 Forging
15:32 Scale Mail Armor
16:11 Town Watch
27:15 Castle Age
25:29 Horse Collar
26:55 Gold Mining
27:22 Long Swordsman
28:05 Squires
28:40 Chain Mail Armor
31:39 Pikeman
36:43 Gambesons
39:23 Bow Saw
40:02 Wheelbarrow
40:03 Heavy Plow
40:13 Fletching
40:50 Bodkin Arrow
Connection lost

Rejoining the realm…

Still unreachable

The connection could not be restored.

Session expired

The server has moved on; the page needs a fresh start.